 Dungeon Crawl Stone Soup version 0.29.1-1-gd02db6906a (webtiles) character file.

Game seed: 14591065532605794774

117 lonewolfV2 the Ruffian (level 4, -1/45 HPs)
             Began as a Troll Berserker on Oct 18, 2022.
             Was a Believer of Trog.
             Slain by an orc priest
             ... wielding a +2 short sword of speed
              (4 damage)
             ... on level 4 of the Dungeon.
             The game lasted 00:03:49 (1894 turns).

lonewolfV2 the Ruffian (Troll Berserker)            Turns: 1894, Time: 00:03:49

Health: -1/45      AC:  4    Str: 33    XL:     4   Next: 71%
Magic:  3/3        EV: 10    Int:  3    God:    Trog [**....]
Gold:   160        SH:  0    Dex:  9    Spells: 3/3 levels left

rFire   . . .      SeeInvis .     - Unarmed
rCold   . . .      Faith    .   (no shield)
rNeg    . . .      Spirit   .   a - +0 animal skin
rPois   .          Reflect  .   (helmet restricted)
rElec   .          Harm     .   (no cloak)
rCorr   .          Rampage  .   (gloves unavailable)
Will    .....                   (boots unavailable)
Stlth   +.........              (no amulet)
HPRegen 0.95/turn               d - +6 ring of strength
MPRegen 0.08/turn               (no ring)

@: mighty
A: large, unfitting armour, claws 3, regeneration 1, shaggy fur 1, tough skin 1
a: Renounce Religion, Berserk, Trog's Hand


You were on level 4 of the Dungeon.
You worshipped Trog.
Trog was pleased with you.
You visited 1 branch of the dungeon, and saw 4 of its levels.

You collected 160 gold pieces.

Inventory:

Armour
 a - a +0 animal skin (worn)
 f - the +0 helmet of Upusitt {rCorr Int+3}
   (You found it on level 2 of the Dungeon)

   Int:       It affects your intelligence (+3).
   rCorr:     It protects you from acid and corrosion.
Jewellery
 d - a +6 ring of strength (left claw)
 j - a +6 ring of intelligence
Scrolls
 e - 2 scrolls of identify
 g - 2 scrolls of blinking {unknown}
 i - a scroll of vulnerability {unknown}
 k - a scroll of enchant armour {unknown}
Potions
 b - a potion of brilliance
 c - 2 potions of flight


   Skills:
 + Level 3.2 Fighting
 + Level 3.2 Dodging
 + Level 4.0 Unarmed Combat


You had 3 spell levels left.
You didn't know any spells.
Your spell library was empty.

Dungeon Overview and Level Annotations

Branches:
Dungeon (4/15)
 Temple: D:4-7

Altars:
Ru

Annotations:
D:4 Sigmund


Innate Abilities, Weirdness & Mutations

You are too large for most types of armour.
You have claws for hands.
Your natural rate of healing is unusually fast.
You are covered in fur. (AC +1)
You have tough skin. (AC +1)


Message History

Trog accepts your kill.
Sigmund shouts!
You hear a shout!
An orc priest comes into view.
It is wielding a +2 short sword of speed.
The orc priest shouts!
Sigmund casts a spell at you. The puff of flame hits you!
An orc comes into view. It is wielding a +0 short sword.
Sigmund casts a spell at you.
You are confused.
An orc comes into view.
It is wielding a +1 flail of protection.
You bump into the rock wall.
The orc shouts!
An orc comes into view. It is wielding a +0 hand axe.
The orc shouts!
Sigmund gestures at you while chanting. You resist with some effort.
The orc priest mumbles some strange prayers to Beogh against you.
Beogh smites you!
Sigmund hits you from afar with a +0 scythe.
The orc priest hits you with a +2 short sword of speed.
An orc comes into view. It is wielding a +0 morningstar.
The orc hits you with a +0 short sword. The orc priest barely misses you.
You're too confused to move!
The orc shouts!
The orc hits you with a +1 flail of protection.
The orc closely misses you.
The orc priest mumbles some strange prayers to Beogh against you.
Beogh smites you!
* * * LOW HITPOINT WARNING * * *
Sigmund hits you from afar with a +0 scythe.
* * * LOW HITPOINT WARNING * * *
It was a potion of might.
You feel very mighty all of a sudden.
You feel less confused. The orc hits you but does no damage.
The orc hits you with a +1 flail of protection.
* * * LOW HITPOINT WARNING * * *
The orc hits you with a +0 hand axe.
* * * LOW HITPOINT WARNING * * *
The orc priest hits you with a +2 short sword of speed.
You die...

~..............#
~.~~≈≈~........# ... #.
≈.~~≈≈~.......# # ..##.#.
~.~≈≈≈~......# #.#o.#.#.#
~.~~~~~......# .#....#.#
............#.##......##.
.....##....#.#($........#
#.##.##.#..##..ooo.......
#..#.#....#.....@o...?...
##.#..............@......
# ##.#...#.##..[.##..####
#..#####.#####.# .# #....
#.# #.# # ## ..# #.# ###
#.. #.# #.#


You could see Sigmund, an orc priest and 4 orcs.

Vanquished Creatures
  Terence (D:2)
  3 adders
  3 worms
  2 dart slugs
  3 orcs (D:3)
  3 endoplasms
  3 giant cockroaches
  7 goblins
  5 hobgoblins
  8 ball pythons
  2 bats (D:2)
  3 frilled lizards
  5 kobolds
  2 rats (D:1)
50 creatures vanquished.

Notes
Turn   | Place    | Note
-------+----------+-------------------------------------------
     0 | D:1      | lonewolfV2 the Troll Berserker began the quest for the Orb.
     0 | D:1      | Reached XP level 1. HP: 22/22 MP: 0/0
    28 | D:1      | Found a faded altar of an unknown god.
   192 | D:1      | Reached XP level 2. HP: 29/29 MP: 1/1
   834 | D:2      | Identified a scroll of acquirement
   834 | D:2      | Acquired a +6 ring of strength
   965 | D:2      | Identified the +0 helmet of Upusitt {rCorr Int+3}
   986 | D:2      | Noticed Terence
   995 | D:2      | Killed Terence
   996 | D:2      | Reached XP level 3. HP: 28/36 MP: 2/2
  1277 | D:3      | Reached XP level 4. HP: 32/45 MP: 3/3
  1295 | D:3      | Found a sacrificial altar of Ru.
  1498 | D:3      | Reached ** piety under Trog
  1672 | D:3      | Reached skill level 4 in Unarmed Combat
  1883 | D:4      | Noticed Sigmund
  1894 | D:4      | Slain by an orc priest

Illustrated notes

Levels and vault maps discovered:
D:1:      minmay_arrival_solitary_statue, layout_basic,
          ebering_ecumenical_altar_webs, grunt_decor_junction,
          supply_closet_lemuel
D:2:      layout_loops_cross, kennysheep_potato, uniq_terence
D:3:      layout_rooms, mainiacjoe_overflow_concentric_impassable,
          nrook_loot_triangle, hex_medium, corner_web_ring
D:4:      layout_loops_ring, vehumet_crystals, elyvilon_altar_4,
          minmay_misc_feat_secret_circle, st_stairs_9, minivault_5,
          minivault_14, nrook_campfire, dreamdust_mushroom_princess,
          amethyst_killhole, uniq_sigmund

Skill      XL: |  1  2  3  4 |
---------------+-------------+-----
Fighting       | 3 |  3.2
Dodging        | 3 |  3.2
Unarmed Combat | 4 |  4.0

Action                   |  1- 3 |  4- 6 || total
-------------------------+-------+-------++-------
Melee: Unarmed           |    79 |    45 ||   124
  Use: Scroll            |     4 |       ||     4
       Potion            |       |     1 ||     1
 Stab: Sleeping          |     1 |       ||     1
Armor: Animal skin       |    34 |    16 ||    50
Dodge: Dodged            |    60 |    22 ||    82
